Map: Backwater LE

Players

pillOw (Nina)

  • Race: Protoss Protoss
  • League: Grandmaster
  • Spawn Location: 11:00

aLive - Winner!

  • Race: Terran Terran
  • League: Grandmaster
  • Spawn Location: 5:00

Event: Memes & Dreams Invitational

VOD

Have the link to the VOD?

Description

Time

  • Played on: April 13, 2018, 12:52 a.m.
  • Length: 6:56

All games in this series

Show
View Real Time Build Order
Export as new Build Order

pillOw Protoss 

Build Orders:  

Get SALT Encoding   

  12  0:00  Probe  
  13  0:12  Probe  
  14  0:20  Pylon  
  14  0:24  Probe  
  15  0:38  Probe (Chrono Boost)  
  15  0:39  Gateway  
  16  0:48  Probe (Chrono Boost)  
  16  0:49  Assimilator  
  17  1:04  Gateway  
  17  1:12  Probe  
  18  1:24  Probe, Zealot (Chrono Boost)  
  19  1:27  Cybernetics Core  
  21  1:35  Pylon  
  21  1:39  Pylon  
  21  1:41  Probe  
  23  1:58  Pylon  
  22  2:02  Stalker (Chrono Boost)  
  25  2:10  Probe  
  25  2:11  Stalker (Chrono Boost)  
  26  2:23  Probe  
  26  2:27  Stalker  
  29  2:35  Probe  
  29  2:36  Assimilator  
  30  2:48  Probe  
  31  2:51  Pylon  
  31  2:56  Warp Gate (Chrono Boost)  
  31  3:14  Probe  
  31  3:16  Nexus  
  31  3:26  Probe  
  32  3:34  Twilight Council  
  32  3:38  Shield Battery  
  32  3:48  Robotics Facility  
  32  3:51  Probe  
  33  4:03  Probe  
  33  4:07  Pylon  
  34  4:10  Charge  
  32  4:22  Probe  
  29  4:28  Probe  
  29  4:41  Probe  
  29  4:45  Probe  
  31  4:46  Observer  
  31  4:50  Stalker  
  34  4:58  Gateway  
  34  5:05  Probe x2 (Chrono Boost)  
  36  5:07  Sentry  
  39  5:16  Probe x2 (Chrono Boost)  
  39  5:20  Zealot  
  42  5:23  Observer  
  42  5:25  Probe x2  
  43  5:37  Gateway  
  43  5:43  Gateway  
  43  5:52  Zealot x2  
  43  5:55  Probe  
  48  5:57  Probe  
  49  6:06  Stalker  
  49  6:08  Probe  
  51  6:12  Probe  
  51  6:23  Observer (Chrono Boost)  
  51  6:24  Probe  
  49  6:28  Zealot  
  49  6:32  Zealot  
  40  6:40  Stalker  
  40  6:43  Probe  
  35  6:49  Zealot  
Show
View Real Time Build Order
Export as new Build Order

aLive Terran - Winner!

Build Orders: Cyclone Opening 

Get SALT Encoding   

  12  0:00  SCV  
  13  0:12  SCV  
  14  0:18  Supply Depot  
  14  0:25  SCV  
  15  0:39  SCV  
  16  0:43  Barracks  
  16  0:50  Refinery  
  16  0:51  SCV  
  17  0:59  Refinery  
  17  1:03  SCV  
  18  1:15  SCV  
  19  1:29  Orbital Command  
  19  1:30  Reaper  
  20  1:50  Supply Depot, Factory  
  20  1:55  SCV  
  21  2:02  Marine  
  22  2:12  SCV  
  23  2:30  Marine  
  23  2:31  SCV  
  23  2:35  Starport  
  23  2:36  Cyclone  
  28  2:44  Bunker  
  28  2:46  SCV  
  29  2:54  Supply Depot  
  29  2:58  SCV, Liberator  
  30  3:09  Barracks Reactor  
  30  3:10  SCV  
  30  3:11  Marine  
  33  3:22  Cyclone  
  33  3:24  SCV  
  36  3:35  Barracks Reactor  
  36  3:36  SCV  
  37  3:44  Supply Depot  
  37  4:01  Command Center, Starport Tech Lab  
  37  4:06  SCV  
  38  4:17  Marine x2  
  38  4:18  Factory Tech Lab  
  38  4:19  SCV  
  38  4:21  Banshee  
  38  4:23  Cloaking Field  
  42  4:31  SCV  
  42  4:43  Marine x2  
  44  4:47  Engineering Bay  
  45  4:52  SCV  
  45  5:03  Marine x2, Supply Depot  
  47  5:12  Banshee  
  47  5:13  Supply Depot, Siege Tank  
  53  5:18  Orbital Command  
  53  5:24  Marine x2  
  55  5:28  SCV  
  56  5:41  SCV  
  57  5:44  SCV  
  57  5:46  Marine x2  
  57  5:47  Siege Tank  
  63  6:00  Command Center, SCV x2  
  65  6:09  Marine x2  
  67  6:12  SCV  
  67  6:13  SCV  
  66  6:25  SCV x2  
  68  6:37  Barracks, SCV x2  
  68  6:38  Barracks  
  65  6:45  Bunker  
Tags
 
Add a new tag
Caveats
  • Supply blocks, unpowered buildings, or Contaminate may cause inaccurate times.
  • Supply counts are checked every 10 seconds.